AoeStats
← Prenzel03049

Arabia

509603386Analyzed
2v2 RM · 6d ago on Sep 27, 2026· 42m 23s· 4 players
Game mode
Random Map
Map size
Medium (4 player)
Population
200
Speed
Normal
Resources
Standard
Victory
Conquest
Starting age
Dark Age
Ending age
Imperial Age
RankedLock teamsTeams togetherTeam positionsShared explorationLock speedFull tech treeHidden civsTurbo modeCheats
Victory
Defeat
🇹🇷 Ethiopians · Türkiye
1282
+16
🇹🇷 Khmer · Türkiye
1175
+20
🇩🇪 Khmer · Germany
1298
-19
🇩🇪 Mongols · Germany
1254
-17
Prenzel03049
4:25 Loom
10:11 Feudal Age
18:23 Fletching
19:26 Horse Collar
24:14 Castle Age
22:25 Double-Bit Axe
22:42 Gold Mining
23:49 Scale Barding Armor
24:45 Bloodlines
25:02 Thumb Ring
25:42 Husbandry
28:24 Elite Skirmisher
35:31 Wheelbarrow
35:22 Town Watch
38:29 Chain Barding Armor
38:37 Stone Mining
41:49 Bodkin Arrow
berta
5:38 Loom
6:56 Loom
8:47 Feudal Age
10:48 Double-Bit Axe
13:28 Horse Collar
18:02 Scale Barding Armor
21:09 Castle Age
22:25 Gold Mining
23:03 Forging
23:35 Husbandry
25:01 Gold Shaft Mining
26:17 Fletching
32:48 Bloodlines
33:30 Chain Barding Armor
35:59 Bow Saw
36:20 Ballistics
37:15 Wheelbarrow
37:55 Light Cavalry
39:14 Iron Casting
41:48 Imperial Age
42:29 Double Crossbow
43:44 Chemistry
DFw_Léon
7:53 Loom
9:39 Feudal Age
11:37 Double-Bit Axe
13:38 Horse Collar
21:39 Castle Age
20:16 Bloodlines
20:38 Scale Barding Armor
21:10 Gold Mining
23:01 Forging
23:46 Husbandry
28:58 Stone Mining
31:30 Chain Barding Armor
33:58 Wheelbarrow
33:39 Fletching
37:32 Imperial Age
36:34 Heavy Plow
36:55 Bow Saw
38:51 Plate Barding Armor
37:41 Cavalier
39:15 Stone Shaft Mining
39:15 Gold Shaft Mining
39:44 Iron Casting
40:03 Capped Ram
emreee
7:04 Loom
9:57 Feudal Age
10:03 Man-at-Arms
12:38 Double-Bit Axe
15:25 Fletching
17:39 Wheelbarrow
24:11 Castle Age
22:38 Horse Collar
24:14 Crossbowman
24:50 Bodkin Arrow
26:19 Bow Saw
26:33 Padded Archer Armor
28:01 Ballistics
27:57 Town Watch
30:33 Leather Archer Armor
31:54 Heavy Plow
33:47 Gold Mining
38:10 Imperial Age
38:14 Arbalester
38:48 Capped Ram
39:50 Bracer
41:38 Ring Archer Armor
42:51 Chemistry
42:04 Thumb Ring
Connection lost

Rejoining the realm…

Still unreachable

The connection could not be restored.

Session expired

The server has moved on; the page needs a fresh start.